Map: Incorporeal LE

Players

HandleyHFour - Winner!

  • Race: Zerg Zerg
  • League: Silver
  • Spawn Location: 11:00

ElRossta

  • Race: Zerg Zerg
  • League: Master
  • Spawn Location: 5:00

VOD

Have the link to the VOD?

Description

Time

  • Played on: June 22, 2025, 11:28 p.m.
  • Length: 11:10
Show
View Real Time Build Order
Export as new Build Order

HandleyHFour Zerg - Winner!

Build Orders: Hatch First, Roach Hydra 

Get SALT Encoding   

  12  0:00  Drone  
  13  0:09  Drone  
  14  0:16  Overlord  
  14  0:34  Drone  
  14  0:35  Drone x2  
  17  0:54  Hatchery  
  17  0:56  Drone  
  17  0:57  Drone  
  18  1:10  Spawning Pool  
  17  1:13  Drone  
  17  1:16  Extractor  
  17  1:19  Drone  
  18  1:28  Drone  
  19  1:41  Drone  
  20  1:49  Overlord  
  20  1:59  Queen  
  22  2:03  Overlord  
  22  2:08  Queen, Drone  
  23  2:14  Zergling x2  
  26  2:21  Drone  
  27  2:24  Drone  
  28  2:38  Drone x2  
  28  2:39  Drone  
  31  2:44  Queen  
  33  3:02  Overlord  
  33  3:03  Drone  
  33  3:04  Drone x2  
  36  3:09  Roach Warren  
  36  3:11  Drone  
  36  3:15  Extractor  
  35  3:20  Drone x4  
  35  3:22  Evolution Chamber  
  38  3:29  Zergling x2  
  39  3:38  Drone  
  40  3:41  Lair  
  40  3:51  Roach x2  
  40  3:52  Overlord  
  40  3:53  Overlord  
  44  4:00  Hatchery  
  43  4:12  Zergling x6  
  43  4:13  Roach x5  
  56  4:17  Zerg Melee Weapons Level 1  
  56  4:19  Drone  
  57  4:39  Drone  
  57  4:40  Drone x2  
  57  4:41  Overlord x4  
  59  4:52  Metabolic Boost  
  59  4:58  Hydralisk Den  
  58  5:03  Evolution Chamber  
  58  5:04  Drone x6  
  63  5:10  Extractor  
  63  5:12  Extractor, Glial Reconstitution  
  61  5:15  Queen, Drone  
  61  5:17  Drone  
  61  5:19  Drone  
  66  5:31  Hydralisk x2  
  70  5:37  Drone x2  
  70  5:38  Drone x3  
  75  5:47  Overlord x2  
  75  5:49  Grooved Spines  
  75  5:55  Extractor, Drone x2  
  75  5:56  Drone  
  77  5:57  Zergling x2, Extractor  
  77  5:58  Zergling x4  
  79  6:14  Zergling x2, Hydralisk  
  79  6:15  Spire  
  79  6:17  Zergling x6  
  79  6:18  Zergling x2  
  85  6:27  Hydralisk x4  
  85  6:29  Roach  
  85  6:32  Drone x2  
  97  6:34  Drone  
  99  6:47  Drone x5  
  99  6:53  Hydralisk x3  
  109  6:54  Roach  
  109  6:55  Zergling x2  
  109  7:07  Roach x3  
  113  7:12  Overlord x4  
  113  7:17  Muscular Augments  
  113  7:18  Zerg Missile Weapons Level 1  
  113  7:31  Roach x3, Hydralisk  
  113  7:32  Zergling x6, Hydralisk  
  123  7:38  Zergling x4  
  123  7:39  Roach x2  
  123  7:44  Drone x3  
  131  7:53  Zergling x4  
  123  8:12  Zergling x2  
  123  8:13  Roach x3  
  129  8:26  Roach x5  
  129  8:27  Roach x3  
  145  8:30  Overlord  
  145  8:32  Overlord  
  145  8:33  Overlord x2  
  145  8:40  Overseer  
  145  8:41  Overseer x2  
  145  8:50  Infestation Pit  
  145  8:54  Mutalisk x5  
  145  8:55  Corruptor  
  156  8:56  Zergling x4, Hatchery  
  156  8:57  Zergling x6  
  160  9:24  Mutalisk x3  
  160  9:25  Mutalisk x2  
  170  9:32  Overlord x3  
  170  9:33  Zergling x6, Overlord x2  
  170  9:34  Zergling x6  
  176  9:52  Zergling x6, Hydralisk x2  
  165  10:11  Zergling x8, Roach, Hydralisk x2  
  165  10:12  Roach x4, Hydralisk  
  165  10:13  Zergling x4  
  165  10:23  Mutalisk x4  
  173  10:28  Queen  
  168  10:49  Zergling x4  
  161  10:50  Zergling x2  
  161  10:51  Roach  
Show
View Real Time Build Order
Export as new Build Order

ElRossta Zerg 

Build Orders: Hatch First, Swarm Host 

Get SALT Encoding   

  12  0:09  Overlord  
  12  0:28  Drone x2  
  14  0:33  Drone  
  15  0:50  Hatchery  
  14  0:58  Drone  
  14  1:01  Drone  
  14  1:02  Extractor  
  15  1:13  Spawning Pool  
  15  1:14  Drone  
  15  1:19  Drone  
  16  1:34  Drone  
  17  1:41  Drone  
  18  2:00  Queen  
  20  2:09  Metabolic Boost  
  20  2:10  Queen  
  22  2:16  Zergling x4  
  24  2:28  Drone x4  
  28  2:36  Overlord  
  28  2:58  Queen  
  28  3:02  Queen  
  28  3:04  Overlord  
  28  3:05  Drone x3  
  33  3:06  Drone  
  36  3:19  Overlord  
  36  3:25  Drone  
  36  3:26  Drone x5  
  36  3:27  Drone  
  43  3:50  Drone x3, Baneling Nest  
  43  3:51  Drone  
  45  4:04  Drone x4  
  49  4:20  Extractor x2  
  49  4:23  Queen x2  
  49  4:24  Zergling x4, Extractor  
  50  4:26  Overlord  
  50  4:27  Overlord x2  
  52  4:39  Overlord  
  52  4:46  Extractor  
  52  4:50  Extractor  
  50  4:59  Drone x10  
  60  5:03  Hatchery  
  60  5:05  Roach Warren  
  58  5:07  Evolution Chamber  
  57  5:23  Zergling x2  
  57  5:24  Zergling x8  
  62  5:54  Roach  
  62  5:55  Roach x8  
  80  6:04  Zerg Missile Weapons Level 1  
  80  6:06  Queen, Lair  
  82  6:11  Baneling  
  82  6:12  Baneling x5  
  82  6:20  Roach  
  82  6:21  Roach x3  
  82  6:23  Overlord  
  82  6:24  Overlord x4  
  90  6:28  Pneumatized Carapace  
  90  6:44  Roach x7  
  103  7:02  Glial Reconstitution  
  99  7:09  Roach x8  
  99  7:10  Roach  
  109  7:38  Roach x2  
  109  7:40  Overlord x4  
  113  7:51  Spire  
  112  7:57  Roach  
  113  7:58  Infestation Pit  
  113  8:00  Roach x6  
  113  8:01  Roach  
  120  8:16  Overseer  
  120  8:17  Overseer x2  
  120  8:18  Overlord x3  
  120  8:41  Roach x8  
  122  8:42  Roach  
  138  8:59  Ravager x3  
  138  9:01  Ravager  
  142  9:10  Drone x6  
  148  9:31  Swarm Host x4  
  148  9:38  Overlord x4  
  160  9:39  Overlord  
  160  9:48  Overlord x2  
  132  10:10  Corruptor  
  132  10:11  Corruptor x3  
  97  10:26  Corruptor x2  
  101  10:29  Zergling x6  
  101  10:30  Zergling x4  
Tags
 
Add a new tag
Caveats
  • Supply blocks, unpowered buildings, or Contaminate may cause inaccurate times.
  • Supply counts are checked every 10 seconds.